NCAA
XAVIER MUSKETEERS @ SOUTH FLORIDA BULLS
04/19/2026
 
TOP OF THE 1ST
Xavier Musketeers batting - Pitching for South Florida Bulls : RHP Mark Looper
Pitching: RHP Mark Looper
Batting: RHB Ty Adams 0-0: Bunted foul
0-1: Ball
1-1: Ball
2-1: Ball
3-1: Base on Balls
Batting: SHB Jorge Tamayo 0-0: Foul Ball, location: 2F
0-1: Ball
1-1: Fly out, F7 (Line Drive, 7M)
Batting: SHB Rick Hinton 0-0: Called Strike
0-1: Ball
Ty Adams is caught stealing 2nd base
1-1: Ball
2-1: Ball
3-1: SINGLE (Line Drive, 4D)
Batting: RHB Ryan Lyon 0-0: Ball
1-0: Ball
Rick Hinton steals 2nd base
2-0: Foul Ball, location: 2F
2-1: Ball
3-1: Base on Balls
Batting: LHB Paul Valentine 0-0: Ball
1-0: Ball
2-0: Called Strike
2-1: Swinging Strike
2-2: Ball
3-2: Base on Balls
Rick Hinton to third
Ryan Lyon to second
Batting: RHB Jesús Muñíz 0-0: Ball
1-0: SINGLE (Flyball, 78S)
Rick Hinton scores
Ryan Lyon to third
Paul Valentine to second
Runner from 3rd tries for Home, SAFE, no throw or cutoff
Batting: RHB Leslie Kennedy 0-0: Fly out, F7 (Flyball, 7M)
Top of the 1st over - 2 run(s), 2 hit(s), 0 error(s), 2 left on base; Xavier 2 - South Florida 0
BOTTOM OF THE 1ST
South Florida Bulls batting - Pitching for Xavier Musketeers : LHP Doug Hamm
Pitching: LHP Doug Hamm
Batting: RHB Dave Anderson 0-0: Ball
1-0: Foul Ball, location: 2F
1-1: Swinging Strike
1-2: Foul Ball, location: 2F
1-2: Ball
2-2: Ball
3-2: Base on Balls
Batting: RHB Roberto Camacho 0-0: Ball
1-0: Foul Ball, location: 2F
1-1: Ball
2-1: SINGLE (Groundball, 56D)
Dave Anderson to second
Batting: LHB Bob Bush 0-0: Called Strike
0-1: Ball
1-1: Foul Ball, location: 2F
1-2: Ball
2-2: Foul Ball, location: 2F
2-2: Grounds into double play, 6-4-3 (Groundball, 6)
Dave Anderson to third
Batting: RHB Leonardo Sinisterra 0-0: Ball
1-0: Swinging Strike
1-1: Ball
2-1: Swinging Strike
2-2: Ball
3-2: Strikes out swinging
Bottom of the 1st over - 0 run(s), 1 hit(s), 0 error(s), 1 left on base; Xavier 2 - South Florida 0
TOP OF THE 2ND
Xavier Musketeers batting - Pitching for South Florida Bulls : RHP Mark Looper
Batting: LHB Roberto Barrón 0-0: Ball
1-0: Foul Ball, location: 2F
1-1: Called Strike
1-2: Strikes out looking
Batting: RHB Frank Morris 0-0: Ball
1-0: Ball
2-0: Ball
3-0: Called Strike
3-1: Base on Balls
Batting: RHB Ty Adams 0-0: Ball
1-0: Ball
2-0: Ball
Wild Pitch!
Frank Morris to second
3-0: Base on Balls
Batting: SHB Jorge Tamayo 0-0: Foul Ball, location: 2F
0-1: Swinging Strike
0-2: Foul Ball, location: 2F
0-2: Foul Ball, location: 2F
0-2: Ball
1-2: Strikes out swinging
Batting: SHB Rick Hinton 0-0: SINGLE (Groundball, 34D)
Frank Morris to third
Ty Adams to second
Runner from 3rd tries for Home, SAFE, no throw or cutoff
Batting: RHB Ryan Lyon 0-0: Ball
1-0: Called Strike
1-1: Ball
2-1: Swinging Strike
2-2: Ball
3-2: Base on Balls
Ty Adams to third
Rick Hinton to second
Batting: LHB Paul Valentine 0-0: Ball
1-0: Ball
2-0: Swinging Strike
2-1: Ball
3-1: Base on Balls
Ty Adams scores
Rick Hinton to third
Ryan Lyon to second
Batting: RHB Jesús Muñíz 0-0: GRAND SLAM HOME RUN (Flyball, 78XD), Distance : 367 ft
Pitching: LHP Jon Schroeder
Batting: RHB Leslie Kennedy 0-0: Ball
1-0: Called Strike
1-1: Fly out, F4 (Popup, 4M)
Top of the 2nd over - 6 run(s), 2 hit(s), 0 error(s), 0 left on base; Xavier 8 - South Florida 0
BOTTOM OF THE 2ND
South Florida Bulls batting - Pitching for Xavier Musketeers : LHP Doug Hamm
Batting: LHB Pat Lee 0-0: DOUBLE (Groundball, 3L)
Batting: RHB Pancho Reyna 0-0: Ground out 6-3 (Groundball, 6MS)
Pat Lee to third
Batting: RHB Víctor Pérez 0-0: Called Strike
0-1: Foul Ball, location: 2F
0-2: Ball
1-2: Ball
2-2: Foul Ball, location: 2F
2-2: Ball
3-2: Foul Ball, location: 2F
3-2: Base on Balls
Batting: RHB Warren Strathbogie 0-0: Ball
1-0: Swinging Strike
1-1: SINGLE (Line Drive, 6D)
Pat Lee scores
Víctor Pérez to second
Batting: LHB Eric Mendoza 0-0: SINGLE (Line Drive, 8LS)
Víctor Pérez to third
Warren Strathbogie to second
Batting: RHB Dave Anderson 0-0: Called Strike
0-1: Ball
1-1: Foul Ball, location: 2F
1-2: Foul Ball, location: 2F
1-2: Foul Ball, location: 2F
1-2: Ball
2-2: Ball
3-2: GRAND SLAM HOME RUN (Flyball, 78XD), Distance : 387 ft
Batting: RHB Roberto Camacho 0-0: Ball
1-0: Called Strike
1-1: Ball
2-1: Ball
3-1: Ground out 6-3 (Groundball, 6M)
Batting: LHB Bob Bush 0-0: Called Strike
0-1: Ball
1-1: Foul Ball, location: 2F
1-2: Ground out 5-3 (Groundball, 56S)
Bottom of the 2nd over - 5 run(s), 4 hit(s), 0 error(s), 0 left on base; Xavier 8 - South Florida 5
TOP OF THE 3RD
Xavier Musketeers batting - Pitching for South Florida Bulls : LHP Jon Schroeder
Batting: LHB Roberto Barrón 0-0: Ground out 6-3 (Groundball, 6M)
Batting: RHB Frank Morris 0-0: Foul Ball, location: 2F
0-1: Called Strike
0-2: Ball
1-2: Foul Ball, location: 2F
1-2: Ball
2-2: Strikes out swinging
Batting: RHB Ty Adams 0-0: Ball
1-0: SINGLE (Groundball, 6MD)
Batting: SHB Jorge Tamayo 0-0: Called Strike
0-1: Ball
1-1: Ball
2-1: Swinging Strike
2-2: Ball
3-2: Ground out 1-3 (Groundball, 13S)
Top of the 3rd over - 0 run(s), 1 hit(s), 0 error(s), 1 left on base; Xavier 8 - South Florida 5
BOTTOM OF THE 3RD
South Florida Bulls batting - Pitching for Xavier Musketeers : LHP Doug Hamm
Batting: RHB Leonardo Sinisterra 0-0: Foul Ball, location: 2F
0-1: Foul Ball, location: 2F
0-2: Foul Ball, location: 2F
0-2: Ball
1-2: Foul Ball, location: 2F
1-2: Ball
2-2: Ball
3-2: Ground out 6-3 (Groundball, 56)
Batting: LHB Pat Lee 0-0: Ball
1-0: Ball
2-0: Foul Ball, location: 2F
2-1: SINGLE (Groundball, 4MD)
Batting: RHB Pancho Reyna 0-0: Ball
1-0: Ball
2-0: Ball
3-0: Base on Balls
Pat Lee to second
Batting: RHB Víctor Pérez 0-0: Ground out 5-3 (Groundball, 15S)
Pat Lee to third
Pancho Reyna to second
Batting: RHB Warren Strathbogie 0-0: Called Strike
0-1: Swinging Strike
0-2: SINGLE (Line Drive, 7S)
Pat Lee scores
Pancho Reyna to third
Batting: LHB Eric Mendoza 0-0: Ball
1-0: Foul Ball, location: 2F
1-1: Ball
2-1: Called Strike
2-2: Ball
3-2: Fly out, F5 (Popup, 5F)
Bottom of the 3rd over - 1 run(s), 2 hit(s), 0 error(s), 2 left on base; Xavier 8 - South Florida 6
TOP OF THE 4TH
Xavier Musketeers batting - Pitching for South Florida Bulls : LHP Jon Schroeder
Batting: SHB Rick Hinton 0-0: Foul Ball, location: 2F
0-1: Ball
1-1: Called Strike
1-2: Fly out, F3 (Popup, 23F)
Batting: RHB Ryan Lyon 0-0: Fly out, F9 (Flyball, 9M)
Batting: LHB Paul Valentine 0-0: Called Strike
0-1: Foul Ball, location: 2F
0-2: SINGLE (Flyball, 78M)
Batting: RHB Jesús Muñíz 0-0: Called Strike
0-1: Ball
1-1: SINGLE (Groundball, 56D)
Paul Valentine to second
Batting: RHB Leslie Kennedy 0-0: Called Strike
0-1: Fly out, F9 (Flyball, 9LS)
Top of the 4th over - 0 run(s), 2 hit(s), 0 error(s), 2 left on base; Xavier 8 - South Florida 6
BOTTOM OF THE 4TH
South Florida Bulls batting - Pitching for Xavier Musketeers : LHP Doug Hamm
Pitching: RHP Milton Suárez
Batting: RHB Dave Anderson 0-0: Called Strike
0-1: Ball
1-1: Ball
2-1: Ball
3-1: Base on Balls
Batting: RHB Roberto Camacho 0-0: Ball
1-0: Called Strike
1-1: Ball
2-1: Fly out, F3 (Popup, 3F)
Batting: LHB Bob Bush 0-0: Ball
1-0: Foul Ball, location: 2F
1-1: Called Strike
1-2: Foul Ball, location: 2F
1-2: Foul Ball, location: 2F
1-2: Fly out, F9 (Flyball, 89M)
Batting: RHB Leonardo Sinisterra 0-0: Called Strike
0-1: Ball
1-1: Ball
2-1: Foul Ball, location: 2F
2-2: Foul Ball, location: 2F
2-2: Foul Ball, location: 2F
2-2: Foul Ball, location: 2F
2-2: Foul Ball, location: 2F
2-2: Ball
3-2: Base on Balls
Dave Anderson to second
Batting: LHB Pat Lee 0-0: Swinging Strike
0-1: Ball
1-1: Ball
2-1: Fly out, F7 (Flyball, 7M)
Bottom of the 4th over - 0 run(s), 0 hit(s), 0 error(s), 2 left on base; Xavier 8 - South Florida 6
TOP OF THE 5TH
Xavier Musketeers batting - Pitching for South Florida Bulls : LHP Jon Schroeder
Batting: LHB Roberto Barrón 0-0: Called Strike
0-1: Ball
1-1: Ball
2-1: Ball
3-1: Foul Ball, location: 2F
3-2: Foul Ball, location: 2F
3-2: Foul Ball, location: 2F
3-2: Base on Balls
Batting: RHB Frank Morris 0-0: Called Strike
0-1: Called Strike
0-2: Ball
1-2: Strikes out swinging
Batting: RHB Ty Adams 0-0: Ball
1-0: Ball
2-0: Ball
3-0: Base on Balls
Roberto Barrón to second
Batting: SHB Jorge Tamayo 0-0: Ball
1-0: Ball
2-0: Foul Ball, location: 2F
2-1: Ball
3-1: Called Strike
3-2: Base on Balls
Roberto Barrón to third
Ty Adams to second
Pitching: RHP Xi-tong Shi
Batting: SHB Rick Hinton 0-0: Fly out, F6 (Line Drive, 6)
Batting: RHB Ryan Lyon 0-0: Foul Ball, location: 2F
0-1: Swinging Strike
0-2: Ball
1-2: Fly out, F6 (Popup, 56D)
Top of the 5th over - 0 run(s), 0 hit(s), 0 error(s), 3 left on base; Xavier 8 - South Florida 6
BOTTOM OF THE 5TH
South Florida Bulls batting - Pitching for Xavier Musketeers : RHP Milton Suárez
Batting: RHB Pancho Reyna 0-0: Fly out, F4 (Popup, 4D)
Batting: RHB Víctor Pérez 0-0: SINGLE (Groundball, 56D)
Batting: RHB Warren Strathbogie 0-0: Fielders Choice at 2nd, U4 (Groundball, 4M)
Batting: LHB Eric Mendoza 0-0: SINGLE (Line Drive, 7S)
Warren Strathbogie to second
Batting: RHB Dave Anderson 0-0: Called Strike
0-1: Fly out, F9 (Flyball, 9S)
Bottom of the 5th over - 0 run(s), 2 hit(s), 0 error(s), 2 left on base; Xavier 8 - South Florida 6
TOP OF THE 6TH
Xavier Musketeers batting - Pitching for South Florida Bulls : RHP Xi-tong Shi
Batting: LHB Paul Valentine 0-0: Foul Ball, location: 2F
0-1: Swinging Strike
0-2: Ground out 2-3 (Groundball, 2L)
Batting: RHB Jesús Muñíz 0-0: Foul Ball, location: 2F
0-1: Ground out 5-3 (Groundball, 56)
Batting: RHB Leslie Kennedy 0-0: Foul Ball, location: 2F
0-1: Ball
1-1: Foul Ball, location: 2F
1-2: Ball
2-2: Foul Ball, location: 2F
2-2: Strikes out looking
Top of the 6th over - 0 run(s), 0 hit(s), 0 error(s), 0 left on base; Xavier 8 - South Florida 6
BOTTOM OF THE 6TH
South Florida Bulls batting - Pitching for Xavier Musketeers : RHP Milton Suárez
Batting: RHB Roberto Camacho 0-0: Foul Ball, location: 2F
0-1: Ball
1-1: Ball
2-1: Ground out 6-3 (Groundball, 6)
Batting: LHB Bob Bush 0-0: Called Strike
0-1: Ball
1-1: Ball
2-1: Ball
3-1: Base on Balls
Batting: RHB Leonardo Sinisterra 0-0: Swinging Strike
Bob Bush is caught stealing 2nd base
0-1: Foul Ball, location: 2F
0-2: Ball
1-2: Ball
2-2: Strikes out swinging, 2-3 out at first.
Bottom of the 6th over - 0 run(s), 0 hit(s), 0 error(s), 0 left on base; Xavier 8 - South Florida 6
TOP OF THE 7TH
Xavier Musketeers batting - Pitching for South Florida Bulls : RHP Xi-tong Shi
Batting: LHB Roberto Barrón 0-0: Ball
1-0: Ball
2-0: Ball
3-0: Base on Balls
Batting: RHB Frank Morris 0-0: Ball
1-0: Ball
2-0: Called Strike
2-1: Ball
3-1: Fly out, F6 (Popup, 5)
Pitching: RHP Ramón Rosado
Batting: RHB Ty Adams 0-0: Called Strike
0-1: Called Strike
0-2: Strikes out swinging
Batting: SHB Jorge Tamayo 0-0: Ball
1-0: Foul Ball, location: 2F
1-1: Called Strike
1-2: Ball
2-2: Strikes out swinging
Top of the 7th over - 0 run(s), 0 hit(s), 0 error(s), 1 left on base; Xavier 8 - South Florida 6
BOTTOM OF THE 7TH
South Florida Bulls batting - Pitching for Xavier Musketeers : RHP Milton Suárez
Pitching: RHP Ryan Schmidt
Batting: LHB Pat Lee 0-0: Foul Ball, location: 2F
0-1: Ball
1-1: Swinging Strike
1-2: Strikes out looking
Batting: RHB Pancho Reyna 0-0: Called Strike
0-1: Ground out 6-3 (Groundball, 6)
Batting: RHB Víctor Pérez 0-0: Foul Ball, location: 2F
0-1: Ball
1-1: Ball
2-1: Ball
3-1: Base on Balls
Batting: RHB Warren Strathbogie 0-0: Ball
1-0: 2-RUN HOME RUN (Flyball, 7D), Distance : 364 ft
Batting: LHB Eric Mendoza 0-0: Called Strike
0-1: Ball
1-1: Ball
2-1: Foul Ball, location: 2F
2-2: Foul Ball, location: 2F
2-2: Ball
3-2: Base on Balls
Batting: RHB Dave Anderson 0-0: Ball
1-0: Called Strike
1-1: Foul Ball, location: 2F
1-2: Ball
2-2: Strikes out swinging
Bottom of the 7th over - 2 run(s), 1 hit(s), 0 error(s), 1 left on base; Xavier 8 - South Florida 8
TOP OF THE 8TH
Xavier Musketeers batting - Pitching for South Florida Bulls : RHP Ramón Rosado
Batting: SHB Rick Hinton 0-0: Called Strike
0-1: Foul Ball, location: 2F
0-2: Ball
1-2: Strikes out looking
Batting: RHB Ryan Lyon 0-0: Ball
1-0: Foul Ball, location: 2F
1-1: Called Strike
1-2: Ball
2-2: Foul Ball, location: 2F
2-2: Ball
3-2: Foul Ball, location: 2F
3-2: Strikes out looking
Batting: LHB Paul Valentine 0-0: Called Strike
0-1: Swinging Strike
0-2: Ball
1-2: Ball
2-2: Strikes out swinging
Top of the 8th over - 0 run(s), 0 hit(s), 0 error(s), 0 left on base; Xavier 8 - South Florida 8
BOTTOM OF THE 8TH
South Florida Bulls batting - Pitching for Xavier Musketeers : RHP Ryan Schmidt
Batting: RHB Roberto Camacho 0-0: Ball
1-0: Ball
2-0: Ball
3-0: Called Strike
3-1: Called Strike
3-2: Foul Ball, location: 2F
3-2: Fly out, F8 (Flyball, 89D)
Batting: LHB Bob Bush 0-0: Fly out, F5 (Popup, 56S)
Batting: RHB Leonardo Sinisterra 0-0: Ball
1-0: Called Strike
1-1: Ground out 1-3 (Groundball, 13S)
Bottom of the 8th over - 0 run(s), 0 hit(s), 0 error(s), 0 left on base; Xavier 8 - South Florida 8
TOP OF THE 9TH
Xavier Musketeers batting - Pitching for South Florida Bulls : RHP Ramón Rosado
Pitching: RHP Ken Harrell
Pinch Hitting: SHB Matt Pierce 0-0: Ball
1-0: Ball
2-0: Ball
3-0: Base on Balls
Batting: RHB Leslie Kennedy 0-0: Fly out, F8 (Flyball, 8LM)
Batting: LHB Roberto Barrón 0-0: Ball
1-0: Ball
2-0: Ball
3-0: Base on Balls
Matt Pierce to second
Pinch Hitting: RHB Elliott Bell 0-0: Ball
1-0: Swinging Strike
1-1: Foul Ball, location: 2F
1-2: Ball
2-2: Foul Ball, location: 2F
2-2: Strikes out looking
Batting: RHB Ty Adams 0-0: Ball
1-0: Ball
2-0: SINGLE (Groundball, 6MD)
Matt Pierce to third
Roberto Barrón to second
Runner from 3rd tries for Home, SAFE, no throw or cutoff
Batting: SHB Jorge Tamayo 0-0: Ball
1-0: Ball
2-0: SINGLE (Line Drive, 4MD)
Roberto Barrón to third
Ty Adams to second
Batting: SHB Rick Hinton 0-0: Ball
1-0: Foul Ball, location: 2F
1-1: Foul Ball, location: 2F
1-2: SINGLE (Line Drive, 4MD)
Roberto Barrón scores
Ty Adams to third
Jorge Tamayo to second
Runner from 3rd tries for Home, SAFE, no throw or cutoff
Pitching: LHP Michel Bachand
Batting: RHB Ryan Lyon 0-0: Called Strike
0-1: Swinging Strike
0-2: Ball
1-2: Strikes out looking
Top of the 9th over - 3 run(s), 3 hit(s), 0 error(s), 2 left on base; Xavier 11 - South Florida 8
BOTTOM OF THE 9TH
South Florida Bulls batting - Pitching for Xavier Musketeers : RHP Ryan Schmidt
Pitching: RHP Ricardo Gutiérrez
Now in LF: Juan Cruz
Now in CF: John Brown
Batting: LHB Pat Lee 0-0: Ball
1-0: Ball
2-0: Ball
3-0: Base on Balls
Batting: RHB Pancho Reyna 0-0: Called Strike
0-1: Ball
Wild Pitch!
Pat Lee to second
1-1: Foul Ball, location: 2F
1-2: Ball
2-2: Fly out, F6 (Line Drive, 6)
Batting: RHB Víctor Pérez 0-0: Ball
1-0: Ball
2-0: Foul Ball, location: 2F
2-1: Ball
3-1: Base on Balls
Batting: RHB Warren Strathbogie 0-0: Swinging Strike
0-1: Ball
1-1: Foul Ball, location: 2F
1-2: Ball
2-2: Ball
3-2: Base on Balls
Pat Lee to third
Víctor Pérez to second
Batting: LHB Eric Mendoza 0-0: Ball
1-0: Ball
2-0: Ball
Wild Pitch!
Pat Lee scores
Víctor Pérez to third
Warren Strathbogie to second
3-0: Base on Balls
Batting: RHB Dave Anderson 0-0: Ball
1-0: Fly out, F8 (Line Drive, 78S)
Batting: RHB Roberto Camacho 0-0: Foul Ball, location: 2F
0-1: Called Strike
0-2: Strikes out swinging
Bottom of the 9th over - 1 run(s), 0 hit(s), 0 error(s), 3 left on base; Xavier 11 - South Florida 9
Monday, December 5th, 2016 - OOTP Baseball 17.12 Build 75